 Dungeon Crawl Stone Soup version 0.28.0 (webtiles) character file.

Game seed: 2547469230438668916

42 BeingJoeMalik the Cudgeller (level 3, -5/21 HPs)
             Began as a Tengu Warper on Feb 16, 2022.
             Hit by a stone thrown by a hobgoblin (7 damage)
             ... on level 2 of the Dungeon.
             The game lasted 00:04:08 (1420 turns).

BeingJoeMalik the Cudgeller (Tengu Warper)          Turns: 1420, Time: 00:04:09

Health: -5/21      AC:  3    Str: 11    XL:     3   Next: 54%
Magic:  7/7        EV: 12    Int: 13    God:
Gold:   24         SH:  0    Dex: 15    Spells: 1/6 levels left

rFire   . . .      SeeInvis .   a - +0 mace
rCold   . . .      Faith    .   (no shield)
rNeg    . . .      Spirit   .   b - +0 leather armour
rPois   .          Reflect  .   (helmet restricted)
rElec   .          Harm     .   (no cloak)
rCorr   .          Rampage  .   (no gloves)
Will    .....                   (boots unavailable)
Stlth   +.........              (no amulet)
HPRegen 0.07/turn               (no ring)
MPRegen 0.10/turn               (no ring)

@: no status effects
A: beak, talons 3
a: no special abilities


You were on level 2 of the Dungeon.
You visited 1 branch of the dungeon, and saw 2 of its levels.

You collected 24 gold pieces.

Inventory:

Hand Weapons
 a - a +0 mace (weapon)
Missiles
 d - 4 boomerangs of dispersal (quivered)
Armour
 b - a +0 leather armour (worn)
Scrolls
 c - a scroll of blinking
 f - a scroll of enchant weapon {unknown}
 g - 3 scrolls of identify {unknown}
Potions
 e - a potion of invisibility {unknown}


   Skills:
 - Level 2.0 Fighting
 + Level 4.1 Maces & Flails
 - Level 1.0 Throwing
 - Level 1.1 Armour
 - Level 2.1 Dodging
 - Level 2.0 Spellcasting
 * Level 0.2 Conjurations
 * Level 0.2 Summonings
 - Level 2.4 Translocations


You had one spell level left.
You knew the following spells:

 Your Spells              Type           Power      Damage    Failure   Level
a - Blink                 Tloc           14%        N/A       19%         2
b - Magic Dart            Conj           4%         1d3       30%         1
c - Call Imp              Summ           1%         N/A       43%         2

Your spell library contained the following spells:

 Spells                   Type           Power      Damage    Failure   Level
 Gell's Gravitas          Tloc           7%         N/A       36%         3
 Lesser Beckoning         Tloc           7%         N/A       36%         3
 Teleport Other           Tloc           7%         N/A       36%         3
 Mephitic Cloud           Conj/Pois/Air  1%         N/A       69%         3
 Manifold Assault         Tloc           7%         N/A       98%         5


Dungeon Overview and Level Annotations

Branches:
Dungeon (2/15)

Altars:


Innate Abilities, Weirdness & Mutations

You have a beak for a mouth.
You have claws for feet.


Message History

The kobold hits you with a +0 dagger.
You see here a +0 dagger.
You miss the kobold. Your peck misses the kobold. The kobold barely misses you.
You sock the kobold!
You kill the kobold!
There is a stone staircase leading up here.
You start resting.
HP restored.
There is a stone staircase leading up here.
There is a stone staircase leading down here.
Things that are here:
a +0 dagger; a stone; a kobold corpse A hobgoblin comes into view.
It is wielding the +3 war axe of the Beginning {flame, rF+ rCorr Dex+3}.
Found a stone staircase leading up.
The hobgoblin moves out of view.
No target in view!
The hobgoblin throws a stone.
The stone hits you.
The hobgoblin throws a stone.
The stone closely misses you.
You barely miss the hobgoblin. The hobgoblin barely misses you.
You hit the hobgoblin.
You claw the hobgoblin, but do no damage.
The hobgoblin is severely wounded.
The hobgoblin hits you with the +3 war axe of the Beginning {flame, rF+ rCorr Dex+3}!
Ouch! That really hurt!
* * * LOW HITPOINT WARNING * * *
The hobgoblin burns you.
* * * LOW HITPOINT WARNING * * *
Unknown command.
The hobgoblin throws a stone.
The stone barely misses you.
You aren't carrying any items that you can evoke.
Unknown command.
Throw: 5 boomerangs (disperse)
Press: ? - help, Q - select action, (/) - cycle Shift-Dir - straight line, f - hobgoblin
Aim: a hobgoblin, wielding the +3 war axe of the Beginning {flame, rF+ rCorr Dex+3}, wearing a +0 robe and quivering stones (severely wounded, 59% to hit)
You throw a boomerang of dispersal.
The boomerang of dispersal hits the hobgoblin but does no damage.
The hobgoblin is severely wounded.
The hobgoblin closely misses you.
The hobgoblin throws a stone.
The stone hits you but does no damage.
The hobgoblin throws a stone.
The stone hits you!
You die...

...<#............#.#
###.##..(........#.#
#.##...........#.#
###<))..........##.#
......##........##.#
#####.#####.....##g#
#.# ##....##.## #.##
##..#..#...#
#..###..###.@...#
##.....## ###...#
##..### ##### ####


You could see a hobgoblin.

Vanquished Creatures
  7 bats (D:1)
  5 endoplasms
  A giant cockroach (D:1)
  4 goblins (D:1)
  A hobgoblin (D:1)
  5 kobolds
  A quokka (D:1)
  6 ball pythons (D:1)
  2 frilled lizards (D:1)
  6 rats
38 creatures vanquished.

Vanquished Creatures (others)
  A fungus (D:1)
1 creature vanquished.

Grand Total: 39 creatures vanquished

Notes
Turn   | Place    | Note
-------+----------+-------------------------------------------
     0 | D:1      | BeingJoeMalik the Tengu Warper began the quest for the Orb.
     0 | D:1      | Reached XP level 1. HP: 12/12 MP: 4/4
   100 | D:1      | Reached XP level 2. HP: 17/17 MP: 6/6
   107 | D:1      | Reached skill level 3 in Maces & Flails
   139 | D:1      | Learned a level 2 spell: Blink
   514 | D:1      | Found a faded altar of an unknown god.
   536 | D:1      | Reached XP level 3. HP: 14/21 MP: 7/7
   885 | D:1      | Reached skill level 4 in Maces & Flails
  1176 | D:1      | Learned a level 1 spell: Magic Dart
  1179 | D:1      | Learned a level 2 spell: Call Imp
  1404 | D:2      | Identified the +3 war axe of the Beginning {flame, rF+
                  | rCorr Dex+3}
  1410 | D:2      | HP: 1/21 [hobgoblin (5)]
  1420 | D:2      | Hit by a stone thrown by a hobgoblin

Illustrated notes

Levels and vault maps discovered:
D:1:      dpeg_arrival_ratfight, layout_basic,
          shapermc_ecumenical_altar_acropolis
D:2:      layout_rooms, minmay_vboxes, uniq_terence

Skill      XL: |  1  2  3 |
---------------+----------+-----
Maces & Flails | 3 4 |  4.1
Fighting       | |  2.0
Throwing       | |  1.0
Armour         | |  1.1
Dodging        | |  2.1
Spellcasting   | |  2.0
Conjurations   | |  0.2
Summonings     | |  0.2
Translocations | |  2.4

Action                   || total
-------------------------++-------
Melee: Mace              ||    88
       Kick              ||    18
       Peck              ||     6
Throw: Boomerang         ||     1
 Stab: Sleeping          ||     1
Armor: Leather armour    ||    26
Dodge: Dodged            ||    57
